 Dungeon Crawl Stone Soup version 0.26-a0-466-g989023bd0d (webtiles) character file.

Game seed: 9790132841267294211

70593 vurker the Gelid (level 15, -11/108 HPs)
             Began as an Octopode Ice Elementalist on Aug 8, 2020.
             Was a High Priest of Vehumet.
             Shot with an arrow by a centaur warrior (24 damage)
             ... on level 13 of the Dungeon.
             The game lasted 00:52:30 (29223 turns).

vurker the Gelid (Octopode Ice Elementalist)       Turns: 29223, Time: 00:52:31

Health: -11/108    AC:  2    Str: 10    XL:     15   Next: 33%
Magic:  1/42       EV: 13    Int: 23    God:    Vehumet [*****.]
Gold:   2670       SH:  5    Dex: 14    Spells: 31/43 levels left

rFire    . . .     SeeInvis +   a - +12 spear of Poverty {freeze, +Inv MR+ Str+3}
rCold    + + .     Faith    .   m - +0 buckler of Beogh's Indignation {rPois rC+}
rNeg     . . .     Spirit   .   q - +1 hat {MR+}
rPois    +         Reflect  .   e - amulet of magic regeneration
rElec    .         Harm     .   n - ring of flight
rCorr    +                      y - ring of resist corrosion
MR       +++..                  H - ring of magical power
Stlth    ++++......             K - ring of wizardry
HPRegen  0.28/turn              O - ring of protection from fire
MPRegen  0.53/turn              N - ring of ice
                                R - ring of see invisible
                                W - ring of stealth

@: very slightly contaminated
A: almost no armour, stealthy swim, amphibious, 8 rings, constrict 8, camouflage
1, gelatinous body 1
a: Renounce Religion, Evoke Invisibility, Evoke Flight


You were on level 13 of the Dungeon.
You worshipped Vehumet.
Vehumet was extremely pleased with you.
You visited 4 branches of the dungeon, and saw 22 of its levels.
You also visited: Bailey and Ice Cave.

You collected 2670 gold pieces.

Inventory:

Hand Weapons
 a - the +12 spear of Poverty (weapon) {freeze, +Inv MR+ Str+3}
   (You found it on level 6 of the Dungeon)

   It has been specially enchanted to freeze those struck by it, causing extra
   injury to most foes and up to half again as much damage against particularly
   susceptible opponents.
   It can also slow down cold-blooded creatures.
   It affects your strength (+3).
   It affects your resistance to hostile enchantments.
   It lets you turn invisible.
Armour
 m - the +0 buckler of Beogh's Indignation (worn) {rPois rC+}
   (You found it on level 6 of the Dungeon)

   It protects you from cold.
   It protects you from poison.
 q - a +1 hat of magic resistance (worn)
   (You acquired it on level 9 of the Dungeon)
Magical Staves
 b - an uncursed staff of cold
   (You found it on level 6 of the Dungeon)
 B - an uncursed staff of wizardry
   (You found it on level 8 of the Dungeon)
 D - an uncursed staff of fire
   (You found it on level 8 of the Dungeon)
 G - an uncursed staff of earth
   (You found it on level 10 of the Dungeon)
 V - an uncursed staff of poison
   (You found it in a bailey)
Jewellery
 e - an amulet of magic regeneration (around mantle)
   (You found it on level 5 of the Dungeon)
 n - a ring of flight (left tentacle)
   (You found it on level 2 of the Dungeon)
 y - a ring of resist corrosion (right tentacle)
   (You found it on level 8 of the Dungeon)
 H - a ring of magical power (on tentacle)
   (You found it on level 10 of the Dungeon)
 K - a ring of wizardry (on tentacle)
   (You found it on level 11 of the Dungeon)
 N - a ring of ice (on tentacle)
   (You found it on level 4 of the Lair of Beasts)
 O - a ring of protection from fire (on tentacle)
   (You found it on level 3 of the Lair of Beasts)
 R - a ring of see invisible (on tentacle)
   (You found it on level 6 of the Lair of Beasts)
 W - a ring of stealth (on tentacle)
   (You found it in a bailey)
Wands
 c - a wand of disintegration (20)
   (You found it on level 6 of the Dungeon)
 d - a wand of iceblast (30)
   (You took it off a hobgoblin on level 3 of the Dungeon)
 v - a wand of digging (11)
   (You found it on level 12 of the Dungeon)
 x - a wand of acid (10)
   (You found it on level 5 of the Dungeon)
 z - a wand of enslavement (9)
   (You found it on level 8 of the Dungeon)
 A - a wand of clouds (5)
   (You found it on level 8 of the Dungeon)
 C - a wand of polymorph (29)
   (You found it on level 8 of the Dungeon)
Scrolls
 o - 7 scrolls of enchant armour
 r - 11 scrolls of teleportation
 s - 8 scrolls of fog
 t - 11 scrolls of remove curse
 u - 5 scrolls of enchant weapon
 w - a scroll of immolation
 F - a scroll of amnesia
 J - 2 scrolls of magic mapping
 L - 5 scrolls of identify
 M - 3 scrolls of fear
 T - 2 scrolls of vulnerability
 U - a scroll of torment {unknown}
Potions
 f - 8 potions of curing
 g - 3 potions of heal wounds
 h - a potion of mutation
 i - 2 potions of haste
 j - 5 potions of flight
 k - a potion of magic
 l - 4 potions of brilliance
 p - a potion of resistance
 E - 3 potions of cancellation
 P - a potion of lignification
 Q - a potion of invisibility
 S - a potion of ambrosia


   Skills:
 + Level 11.6 Fighting
 - Level 2.0 Dodging
 - Level 2.6 Stealth
 - Level 4.0 Shields
 * Level 14.8 Spellcasting
 - Level 3.0 Conjurations
 - Level 3.0 Summonings
 * Level 16.2 Ice Magic


You had 31 spell levels left.
You knew the following spells:

 Your Spells              Type           Power        Failure   Level
a - Freeze                Ice            ####         0%          1
b - Frozen Ramparts       Ice            ######       0%          3
c - Hailstorm             Conj/Ice       #######.     1%          4
d - Summon Ice Beast      Ice/Summ       #######.     1%          4

Your spell library contained the following spells:

 Spells                   Type           Power        Failure   Level
 Freezing Cloud           Conj/Ice/Air   ######....   4%          6
 Ozocubu's Armour         Ice            #######.     0%          3
 Apportation              Tloc           ###...       1%          1
 Beastly Appendage        Tmut           ###...       1%          1
 Corona                   Hex            ###....      1%          1
 Magic Dart               Conj           ####         1%          1
 Sandblast                Erth           ###...       1%          1
 Call Imp                 Summ           ####....     1%          2
 Ensorcelled Hibernation  Hex/Ice        ######       1%          2
 Conjure Flame            Conj/Fire      ###.....     1%          3
 Dazzling Flash           Conj/Hex       ###...       1%          3
 Ignite Poison            Fire/Tmut/Pois ###.....     1%          3
 Mephitic Cloud           Conj/Pois/Air  ###.....     1%          3
 Static Discharge         Conj/Air       ###.....     1%          3
 Stone Arrow              Conj/Erth      ###...       1%          3
 Metabolic Englaciation   Hex/Ice        ######....   1%          5
 Blink                    Tloc           N/A          2%          2
 Passwall                 Tmut/Erth      ###.....     2%          2
 Slow                     Hex            ###.....     2%          2
 Confusing Touch          Hex            ###.....     4%          3
 Lesser Beckoning         Tloc           ###.......   4%          3
 Spider Form              Tmut/Pois      ###.......   4%          3
 Tukima's Dance           Hex            ###.....     4%          3
 Irradiate                Conj/Tmut      ###.......   6%          5
 Lee's Rapid Deconstruct  Erth           ###.......   11%         5
 Petrify                  Tmut/Erth      ###.....     14%         4
 Alistair's Intoxication  Tmut/Pois      ###......    34%         5
 Blade Hands              Tmut           ###.......   34%         5
 Orb of Destruction       Conj           ####......   58%         7
 Eringya's Noxious Bog    Tmut/Pois      ###.......   88%         6
 Hydra Form               Tmut           ###.......   88%         6
 Invisibility             Hex            ###.....     88%         6
 Statue Form              Tmut/Erth      ###......    88%         6
 Dragon Form              Tmut           ###.......   100%        7


Dungeon Overview and Level Annotations

Branches:
Dungeon (13/15)            Temple (1/1) D:6            Lair (6/6) D:9
 Shoals (0/4) Lair:2        Snake (0/4) Lair:4        Slime (0/5) Lair:6
    Orc (2/2) D:12            Elf (0/3) Orc:2        Bailey (visited)
  IceCv (visited)
 Vaults: D:13-14

Altars:
Ashenzari
Cheibriados
Dithmenos
Elyvilon
Fedhas
Gozag
Hepliaklqana
Kikubaaqudgha
Makhleb
Nemelex Xobeh
Okawaru
Qazlal
Ru
Sif Muna
Trog
Uskayaw
Vehumet
Wu Jian
Xom
Yredelemnul
Zin
The Shining One
Jiyva

Shops:
Orc:2 :*[*

Annotations:
D:4 3 runed translucent doors, jt's ghost, weakling PaDe; melvinkitnick's ghost, amateur GrEE
D:7 2 transporters, Vruhak's ghost, novice GrFi
Lair:2 3 runed translucent doors, Kecisof's ghost, journeyman DDFi
Lair:6 1 runed translucent door
Orc:1 3 runed translucent doors, donkeybrains's ghost, journeyman GrFi


Innate Abilities, Weirdness & Mutations

You cannot wear most types of armour.
You are very stealthy in the water. (Stealth+)
You are amphibious.
You can wear up to eight rings at the same time.
You can use your tentacles to constrict eight enemies at once.
Your skin changes colour to match your surroundings (Stealth+).
Your rubbery body absorbs attacks. (AC +1, EV +1)


Message History

You feel your power returning.
Unknown command.
A centaur warrior comes into view.
You can't see any susceptible monsters within range! (Use Z to cast anyway.)
Something unseen opens the door.
You feel a surge of power! A chill wind blows around you.
The frozen ramparts melt away.
The centaur warrior wields a +0 shortbow.
The centaur warrior shoots an arrow.
The arrow hits your ice beast!!
The centaur warrior shoots an arrow.
The arrow hits your ice beast!!
You feel a surge of power! A chill wind blows around you.
The centaur warrior shoots an arrow.
The arrow barely misses your ice beast.
The arrow closely misses your ice beast.
You block the arrow.
The centaur warrior shoots an arrow.
The arrow hits your ice beast!
Your ice beast dies!
You feel a surge of power! A chill wind blows around you.
You feel a surge of power! A chill wind blows around you.
The centaur warrior shoots an arrow.
The arrow misses your ice beast. The arrow hits you.
* * * LOW HITPOINT WARNING * * *
You feel a surge of power!
A cannonade of hail descends around you!
Your ice beast is unaffected.
Your ice beast is unaffected.
The hail misses the centaur warrior.
The centaur warrior shoots an arrow.
The arrow hits your ice beast!!
Your ice beast closely misses the centaur warrior.
Unknown command.
You feel a surge of power!
A cannonade of hail descends around you!
Your ice beast is unaffected.
Your ice beast is unaffected.
The hail pelts the centaur warrior!
The centaur warrior unwields a +0 shortbow.
The centaur warrior hits your ice beast!
Unknown command.
Unknown command.
You don't have enough magic to cast that spell.
The centaur warrior wields a +0 shortbow.
The centaur warrior shoots an arrow.
The arrow closely misses your ice beast.
The arrow hits you!!
* * * LOW HITPOINT WARNING * * *
The centaur warrior shoots an arrow.
The arrow hits your ice beast!
Unknown command.
The centaur warrior shoots an arrow.
The arrow completely misses your ice beast.
The arrow hits you!!
You die...

+..#........# ## #######.##
#+# #.†# ... #.## #
########'## #.#
#.##.(...$..c### #.#
#c.+†......§Y).# #.#
#(.†...$..#Y#######.##
#.........#(@.##.....# #
#(..c.....###..#.....########
#)##(....$...#
##..(...........+
#.(.(.(......#
###.....########
#.)########### ####### ....
.... ####


You could see a centaur warrior and 2 friendly ice beasts.

Vanquished Creatures
  Gastronok (Lair:3)
  Harold (D:7)
  A merfolk avatar (Lair:6)
  4 hydras
  2 centaur warriors
  2 two-headed ogres
  A queen ant (D:11)
  An orc high priest (Orc:2)
  4 death yaks (Lair:6)
  Urug (Orc:2)
  3 unseen horrors
  3 orc knights
  2 ugly things
  6 orc sorcerers
  A deep elf mage (D:13)
  An oklob plant (Lair:1)
  2 cyclopes
  13 elephants
  A black mamba (Lair:5)
  10 cane toads
  4 rime drakes
  6 komodo dragons
  An efreet (D:13)
  A freezing wraith (D:13)
  4 merfolk (Lair:2)
  2 trolls
  4 polar bears
  A wind drake (Lair:6)
  3 hornets
  7 blink frogs
  4 dream sheep
  2 hippogriffs
  7 wyverns
  24 yaks
  2 basilisks
  2 steam dragons
  2 vampire mosquitoes (D:12)
  6 soldier ants (D:11)
  3 nagas (Lair:4)
  19 water moccasins
  24 orc warriors
  9 porcupines
  A necrophage (D:6)
  3 ice beasts
  5 sky beasts
  2 phantoms
  4 black bears
  11 ogres
  22 centaurs
  8 wolves
  14 crocodiles
  20 bullfrogs
  A gnoll sergeant (D:10)
  4 scorpions
  6 killer bees
  A nameless horror (D:11)
  7 wights
  2 howler monkeys (D:8)
  A quasit (D:12)
  2 jellies
  12 orc priests
  5 bullfrog skeletons
  10 hounds
  21 orc wizards
  Terence (D:3)
  7 iguanas
  35 worker ants
  2 hound skeletons
  5 gnolls (D:10)
  A howler monkey skeleton (D:6)
  10 adders
  14 white imps
  2 ufetubi (D:5)
  An adder zombie (D:8)
  A worm (D:4)
  A dart slug (D:5)
  8 leopard geckos
  61 orcs
  2 ball pythons
  3 giant cockroaches
  10 goblins
  9 hobgoblins
  15 jackals
  3 kobolds
  A quokka (D:2)
  A ball python skeleton (D:5)
  5 bats
  4 frilled lizards
  A giant cockroach zombie (D:6)
  A jackal zombie (D:6)
  2 quokka zombies
  13 rats
  A bush (Lair:6)
  7 fungi
  11 plants
597 creatures vanquished.

Vanquished Creatures (collateral kills)
  A centaur warrior (D:13)
  4 hydras
  2 death knights
  A two-headed ogre (D:6)
  A death yak (D:9)
  An orc knight (Orc:1)
  2 harpies (Lair:6)
  A deep elf mage (D:13)
  2 manticores
  An ugly thing (D:13)
  10 elephants
  A torpor snail (Lair:5)
  3 cane toads (Lair:6)
  2 rime drakes
  A komodo dragon (Lair:6)
  A polar bear (Lair:6)
  A troll (D:11)
  A blink frog (Lair:4)
  A hornet (Lair:6)
  4 dream sheep
  A hippogriff (Lair:3)
  14 yaks
  A wraith (D:12)
  Grum (D:9)
  Menkaure (D:5)
  A water moccasin (Lair:6)
  A sky beast (D:6)
  2 ice beasts
  An orc warrior (Orc:1)
  A centaur (D:12)
  5 ogres
  2 wolves
  2 crocodiles
  2 bullfrogs
  2 killer bees
  2 wights (D:7)
  A howler monkey (D:8)
  2 centaur zombies
  A jelly (D:8)
  An orc priest (D:6)
  An adder (D:5)
  A shadow imp (D:9)
  A white imp (Lair:3)
  2 orcs
  2 jackals (D:6)
  2 fungi
94 creatures vanquished.

Vanquished Creatures (others)
  21 fungi (Lair:6)
  18 plants
  A withered plant (D:4)
40 creatures vanquished.

Grand Total: 731 creatures vanquished

Notes
Turn   | Place    | Note
-------+----------+-------------------------------------------
     0 | D:1      | vurker the Octopode Ice Elementalist began the quest for
                  | the Orb.
     0 | D:1      | Reached XP level 1. HP: 11/11 MP: 3/3
   537 | D:1      | Reached XP level 2. HP: 14/18 MP: 5/5
  1156 | D:1      | Reached XP level 3. HP: 21/22 MP: 6/6
  1161 | D:1      | Learned a level 3 spell: Frozen Ramparts
  1196 | D:1      | Reached skill level 1 in Fighting
  1519 | D:2      | Noticed a sky beast
  1520 | D:2      | Found a hide-covered altar of Uskayaw.
  1520 | D:2      | Noticed a +0 hand axe
  1521 | D:2      | Noticed a +0 dagger
  1530 | D:2      | Killed a sky beast
  1530 | D:2      | Reached skill level 5 in Ice Magic
  1530 | D:2      | Reached XP level 4. HP: 10/29 MP: 5/9
  1530 | D:2      | Reached XP level 5. HP: 12/34 MP: 5/10
  1547 | D:1      | Learned a level 4 spell: Hailstorm
  2525 | D:3      | Noticed Terence
  2761 | D:3      | Noticed an orc warrior
  2774 | D:3      | Killed Terence
  2775 | D:3      | Killed an orc warrior
  2775 | D:3      | Reached skill level 1 in Conjurations
  2775 | D:3      | Reached XP level 6. HP: 38/39 MP: 7/11
  2878 | D:3      | Found an iron altar of Okawaru.
  3075 | D:3      | Learned a level 4 spell: Summon Ice Beast
  3551 | D:4      | Noticed a water moccasin
  3568 | D:4      | Killed a water moccasin
  3568 | D:4      | Reached skill level 1 in Summonings
  3568 | D:4      | Reached XP level 7. HP: 45/45 MP: 8/13
  4078 | D:4      | Found a runed translucent gate.
  4078 | D:4      | Found a runed translucent gate.
  4080 | D:4      | Found a runed translucent gate.
  4082 | D:4      | Noticed jt's ghost (weakling PaDe)
  4082 | D:4      | Noticed melvinkitnick's ghost (amateur GrEE)
  4113 | D:5      | Entered Level 5 of the Dungeon
  4179 | D:5      | Reached skill level 6 in Ice Magic
  4693 | D:5      | Noticed Menkaure
  4857 | D:5      | Killed Menkaure
  4857 | D:5      | Reached XP level 8. HP: 28/52 MP: 6/15
  5122 | D:5      | HP: 2/52 [centaur (6)]
  5123 | D:5      | Reached skill level 5 in Spellcasting
  6034 | D:5      | Reached skill level 7 in Ice Magic
  6717 | D:6      | Found an iron altar of Okawaru.
  6974 | D:6      | Reached XP level 9. HP: 26/59 MP: 13/18
  7278 | D:6      | Got a twisted spear
  7279 | D:6      | Identified the +12 spear of Poverty {freeze, +Inv MR+
                  | Str+3} (You found it on level 6 of the Dungeon)
  7343 | D:6      | Got a dazzling buckler
  7352 | D:6      | Identified the cursed +0 buckler of Beogh's Indignation
                  | {rPois rC+} (You found it on level 6 of the Dungeon)
  7373 | D:6      | Reached skill level 8 in Ice Magic
  7492 | D:6      | Noticed a two-headed ogre
  7505 | D:6      | Killed a two-headed ogre
  7505 | D:6      | Reached skill level 1 in Shields
  7629 | D:6      | Found an ornate altar of the Wu Jian Council.
  7631 | D:6      | Found a white marble altar of Elyvilon.
  7665 | D:6      | Found a staircase to the Ecumenical Temple.
  7688 | Temple   | Entered the Ecumenical Temple
  7791 | Temple   | Became a worshipper of Vehumet
  8157 | D:5      | Reached skill level 5 in Fighting
  8355 | D:7      | Found a transporter.
  8358 | D:7      | Noticed a hornet
  8377 | D:7      | Noticed Harold
  8859 | D:7      | Reached skill level 9 in Ice Magic
  8859 | D:7      | Reached XP level 10. HP: 6/66 MP: 14/21
  8865 | D:7      | Killed Harold
  8975 | D:7      | Reached * piety under Vehumet
  8975 | D:7      | Offered knowledge of Foxfire by Vehumet.
  9302 | D:7      | Found a snail-covered altar of Cheibriados.
  9491 | D:7      | Noticed Vruhak's ghost (novice GrFi)
  9728 | D:7      | Found a transporter.
  9881 | D:8      | Noticed a death knight
 10134 | D:8      | Killed a death knight
 10415 | D:8      | Reached skill level 10 in Ice Magic
 10425 | D:8      | Offered knowledge of Searing Ray by Vehumet.
 10426 | D:8      | Reached ** piety under Vehumet
 10765 | D:8      | Found a snail-covered altar of Cheibriados.
 11190 | D:7      | Found an ornate altar of the Wu Jian Council.
 11536 | D:9      | Identified a scroll of acquirement
 11536 | D:9      | Acquired a +1 hat of magic resistance
 11547 | D:9      | Noticed Grum
 11552 | D:9      | Reached XP level 11. HP: 74/74 MP: 11/24
 11554 | D:9      | Killed Grum
 11684 | D:9      | Offered knowledge of Dazzling Flash by Vehumet.
 11769 | D:9      | Noticed a death yak
 11770 | D:9      | Found a staircase to the Lair.
 11775 | D:9      | Killed a death yak
 11907 | D:9      | Reached *** piety under Vehumet
 12127 | D:9      | Found an ancient bone altar of Kikubaaqudgha.
 12130 | D:9      | Found a shadowy altar of Dithmenos.
 12133 | D:9      | Found a shimmering altar of Xom.
 12425 | D:10     | Entered Level 10 of the Dungeon
 12472 | D:10     | Found a bloodstained altar of Trog.
 12644 | D:10     | Killed an unseen horror
 12644 | D:10     | Reached skill level 11 in Ice Magic
 12909 | D:10     | Killed an unseen horror
 12945 | D:10     | Noticed a two-headed ogre
 12951 | D:10     | Offered knowledge of Sticky Flame by Vehumet.
 12953 | D:10     | Killed a two-headed ogre
 12953 | D:10     | Reached skill level 10 in Spellcasting
 13072 | D:10     | Identified the Tome of Toxic Attacks
 13623 | D:11     | Noticed a cyclops
 13629 | D:11     | Killed a cyclops
 13871 | D:11     | Noticed a two-headed ogre
 13875 | D:11     | Killed a two-headed ogre
 13898 | D:11     | Killed an unseen horror
 14237 | D:11     | Noticed a death knight
 14256 | D:11     | Killed a death knight
 14256 | D:11     | Reached XP level 12. HP: 41/82 MP: 7/26
 14588 | D:11     | Reached skill level 12 in Ice Magic
 14798 | D:11     | Noticed a queen ant
 14814 | D:11     | Killed a queen ant
 15407 | D:12     | Noticed a seven-headed hydra
 15477 | Lair:1   | Entered Level 1 of the Lair of Beasts
 15477 | Lair:1   | Noticed a seven-headed hydra
 15488 | Lair:1   | Killed a seven-headed hydra
 16152 | Lair:1   | Found a hazy altar of Hepliaklqana.
 16579 | Lair:2   | Noticed an eight-headed hydra
 16588 | Lair:2   | Killed an eight-headed hydra
 16638 | Lair:2   | Noticed an ice dragon
 16638 | Lair:2   | Noticed Kecisof's ghost (journeyman DDFi)
 16666 | Lair:2   | Found a runed translucent gate.
 16666 | Lair:2   | Found a runed translucent gate.
 16666 | Lair:2   | Found a runed translucent gate.
 17071 | Lair:2   | Found a staircase to the Shoals.
 17785 | Lair:3   | Noticed Gastronok
 17799 | Lair:3   | Killed Gastronok
 17799 | Lair:3   | Reached skill level 13 in Ice Magic
 17996 | Lair:3   | Reached **** piety under Vehumet
 17996 | Lair:3   | Reached XP level 13. HP: 72/90 MP: 8/28
 18132 | Lair:3   | Found a frozen archway.
 18140 | Lair:3   | Offered knowledge of Ignite Poison by Vehumet.
 18176 | IceCv    | Entered an ice cave
 19004 | Lair:4   | Found a staircase to the Snake Pit.
 19733 | Lair:4   | Reached ***** piety under Vehumet
 20206 | Lair:5   | Offered knowledge of Iskenderun's Mystic Blast by Vehumet.
 20261 | Lair:4   | Reached skill level 14 in Ice Magic
 20979 | Lair:5   | Reached skill level 10 in Fighting
 21679 | Lair:6   | Entered Level 6 of the Lair of Beasts
 21852 | Lair:6   | Reached XP level 14. HP: 48/99 MP: 10/31
 22659 | Lair:6   | Reached skill level 15 in Ice Magic
 22932 | Lair:6   | Identified Tuaxefu's Incunabulum of Transmigration and the
                  | Glacier
 23777 | Lair:6   | Found a runed translucent door.
 23781 | Lair:6   | Found a viscous altar of Jiyva.
 23781 | Lair:6   | Noticed an acid blob
 23783 | Lair:6   | Found a staircase to the Slime Pits.
 23783 | Lair:6   | Noticed an acid blob
 25617 | D:12     | Offered knowledge of Fireball by Vehumet.
 25961 | D:12     | Found a staircase to the Orcish Mines.
 26303 | Orc:1    | Entered Level 1 of the Orcish Mines
 26670 | Orc:1    | Found a flagged portal.
 26679 | Bailey   | Entered a bailey
 27226 | Bailey   | Found a roughly hewn altar of Beogh.
 27391 | Orc:1    | Reached XP level 15. HP: 107/107 MP: 33/33
 27403 | Orc:1    | Found a runed translucent gate.
 27405 | Orc:1    | Found a runed translucent gate.
 27405 | Orc:1    | Found a runed translucent gate.
 27406 | Orc:1    | Noticed donkeybrains's ghost (journeyman GrFi)
 27507 | Orc:2    | Entered Level 2 of the Orcish Mines
 27562 | Orc:2    | Found a staircase to the Elven Halls.
 27912 | Orc:2    | Noticed Urug
 27925 | Orc:2    | Killed Urug
 28192 | Orc:2    | Found Guist's General Store.
 28192 | Orc:2    | Found Egouj's Armour Boutique.
 28194 | Orc:2    | Reached skill level 16 in Ice Magic
 28199 | Orc:2    | Paralysed by an orc sorcerer for 6 turns
 28276 | Orc:2    | Found Meqaru's General Store.
 28276 | Orc:2    | Found Faquirhooc's Book Shop.
 28498 | Orc:2    | Offered knowledge of Freezing Cloud by Vehumet.
 29223 | D:13     | Shot with an arrow by a centaur warrior

Illustrated notes

Levels and vault maps discovered:
D:1:      minmay_arrival_checkered_box, layout_loops_corners
D:2:      layout_loops_ring, dancing_weapons_uskayaw
D:3:      layout_rooms, okawaru_ov_weapons_minmay, uniq_terence
D:4:      layout_loops_ring, gammafunk_ghost_cemetery, minmay_misc_feat_hallway
D:5:      kennysheep_windowed_halls, layout_loops_cross, uniq_menkaure
D:6:      minmay_opposing_rooms, layout_basic, minitemple,
          minmay_temple_entry_large_hall, basic_altar
D:7:      lemuel_upstairs_altar, layout_loops_cross, kennysheep_mini,
          gammafunk_ghost_arena, minmay_fractal_squares_gapless_5, uniq_harold
D:8:      layout_rooms, lemuel_centaur_altar
D:9:      layout_long_grid, grunt_temple_overflow_diamond, david_lair_generic,
          uniq_grum
D:10:     layout_loops_corners, bloody_trog
D:11:     layout_loops_ring, zaba_antful_of_joy
D:12:     layout_irregular_city, gauntlet_entry_generic
D:13:     layout_roguey, minivault_28
Temple:   eino_temple_water
Lair:1:   layout_misc_corridors, basic_altar
Lair:2:   layout_layer_cave, elwin_shoals_entry_stream, gammafunk_ghost_icy,
          minmay_holes
Lair:3:   layout_hall_layers, portal_ice_cave_entry_imps, beast_lair_carwin_4,
          grunt_megastairs_1, uniq_gastronok
Lair:4:   layout_roguey, minmay_snake_entry_guardpost_small, grunt_megastairs_2,
          serial_bayou_shore_b, lemuel_fruit_tree, lemuel_fruit_fields
Lair:5:   layout_cave_shapes
Lair:6:   gammafunk_lair_ancient_temple, layout_cellular_growth, slime_altar_2
Orc:1:    layout_diamond_mine, enter_bailey_2, ebering_ghost_rock_garden
Orc:2:    st_orc_mages, layout_caves, mines2_lemuel, uniq_urug

Skill      XL: |  1  2  3  4  5  6  7  8  9 10 11 12 13 14 15 |
---------------+----------------------------------------------+-----
Fighting       | 1 2 3 4 5 6 8 9 10 11 | 11.6
Spellcasting   | 3 4 6 7 9 10 11 13 14 | 14.8
Ice Magic      | 5 6 7 9 10 11 13 14 15 16 | 16.2
Conjurations   | 1 2 3 |  3.0
Summonings     | 1 2 3 |  3.0
Shields        | 2 4 |  4.0
Dodging        | |  2.0
Stealth        | |  2.6

Action                   |  1- 3 |  4- 6 |  7- 9 | 10-12 | 13-15 || total
-------------------------+-------+-------+-------+-------+-------++-------
Melee: Unarmed           |    36 |       |       |       |       ||    36
       Constrict         |    24 |    10 |    25 |     7 |     5 ||    71
       Tentacles         |    12 |     3 |    25 |     7 |     2 ||    49
       Dagger            |    37 |    44 |    84 |       |       ||   165
       Spear             |       |       |    13 |    65 |    31 ||   109
       Staff             |       |       |     7 |       |       ||     7
 Cast: Freeze            |     1 |     5 |    34 |    53 |    84 ||   177
       Frozen Ramparts   |     2 |    10 |    23 |    50 |    54 ||   139
       Summon Ice Beast  |       |       |    18 |    50 |   106 ||   174
       Hailstorm         |       |       |    13 |   158 |   376 ||   547
Evoke: Wand              |       |       |       |     4 |     6 ||    10
  Use: Scroll            |       |       |    21 |    10 |     7 ||    38
       Potion            |       |       |     3 |     1 |     2 ||     6
 Stab: Sleeping          |     9 |     5 |     5 |     2 |     1 ||    22
       Distracted        |     1 |       |       |       |       ||     1
Armor: Skin              |     8 |     3 |    11 |     9 |    12 ||    43
Dodge: Dodged            |    39 |    27 |    81 |    83 |   119 ||   349
Block: Buckler           |       |       |     7 |    25 |    58 ||    90

Table legend: (Time is in decaauts)
 A = Elapsed time spent in this place.
 B = Non-inter-level travel time spent in this place.
 C = Inter-level travel time spent in this place.
 D = Time resting spent in this place.
 E = Time spent auto-exploring this place.
 F = Levels seen in this place.
 G = Mean time per level.
                   A        B        C        D        E       F      G
               +--------+--------+--------+--------+--------+-----+--------+
         Total |  29257 |  28028 |   1229 |    997 |  22948 |  24 | 1219.0 |
       Dungeon |  17893 |  17109 |    784 |    794 |  13848 |  13 | 1376.4 |
        Temple |    122 |    104 |     18 |      0 |     95 |   1 |  122.0 |
          Lair |   8930 |   8590 |    340 |    203 |   7236 |   6 | 1488.3 |
  Orcish Mines |   1600 |   1514 |     86 |      0 |   1179 |   2 |  800.0 |
        Bailey |    706 |    706 |      0 |      0 |    590 |   1 |  706.0 |
      Ice Cave |      3 |      3 |      0 |      0 |      0 |   1 |    3.0 |
               +--------+--------+--------+--------+--------+-----+--------+

Top non-repeatable levels by time:
  Lair:6: 2600 daAuts
     D:5: 2120 daAuts
    D:11: 2103 daAuts
     D:7: 2023 daAuts
     D:6: 1780 daAuts
    D:12: 1750 daAuts
  Lair:4: 1728 daAuts
     D:1: 1615 daAuts
  Lair:3: 1314 daAuts
  Lair:2: 1246 daAuts
    D:10: 1231 daAuts
     D:9: 1177 daAuts
   Orc:2: 1071 daAuts
     D:8: 1057 daAuts
  Lair:5: 1042 daAuts
